 Dungeon Crawl Stone Soup version 0.27-a0-216-g1fbed8a51c (webtiles) character file.

Game seed: 8153327206261791491

747 iamserjio the Skirmisher (level 7, 0/60 HPs)
             Began as a Gnoll Abyssal Knight on Jan 31, 2021.
             Was a Believer of Lugonu.
             Slain by a gnoll
             ... wielding a +0 club
              (6 damage)
             ... on level 5 of the Dungeon.
             The game lasted 00:08:16 (1417 turns).

iamserjio the Skirmisher (Gnoll Abyssal Knight)     Turns: 1417, Time: 00:08:17

Health: 0/60       AC:  8    Str: 12    XL:     7   Next: 77%
Magic:  11/11      EV: 10    Int: 13    God:    Lugonu [**....]
Gold:   226        SH:  0    Dex: 11    Spells: 11/11 levels left

rFire    . . .     SeeInvis .   a - +1 falchion
rCold    . . .     Faith    .   (no shield)
rNeg     . . .     Spirit   .   B - +0 scale mail
rPois    .         Reflect  .   (no helmet)
rElec    .         Harm     .   u - +0 cloak
rCorr    .         Rampage  .   (no gloves)
Will     .....                  (no boots)
Stlth    ++........             (no amulet)
HPRegen  0.20/turn              t - ring of stealth
MPRegen  0.12/turn              (no ring)

@: no status effects
A: distributed training, fangs 1, strong nose
a: Renounce Religion, Depart the Abyss, Bend Space


You were on level 5 of the Dungeon.
You worshipped Lugonu.
Lugonu was pleased with you.
You visited 1 branch of the dungeon, and saw 6 of its levels.
You visited the Abyss 1 time.

You collected 226 gold pieces.

Inventory:

Hand Weapons
 a - a +1 falchion (weapon)
 c - a +2 whip of flaming
 n - a +0 trident
 s - a +0 scimitar
 y - a +3 spectral quarterstaff
Missiles
 w - 38 bolts
Armour
 b - a +0 leather armour
 f - a +0 ring mail
 i - a +0 chain mail
 u - a +0 cloak (worn)
 B - a +0 scale mail (worn)
 C - a +2 pair of boots
Jewellery
 t - a ring of stealth (left hand)
Wands
 h - a wand of digging (1) {@v3}
Scrolls
 d - a scroll of random uselessness {unknown}
 e - a scroll of remove curse {@r2}
 g - 2 scrolls of identify {unknown}
 j - a scroll of teleportation {unknown}
 m - a scroll of blinking {unknown}
 o - 2 scrolls of immolation {unknown}
 q - 2 scrolls of enchant weapon {unknown}
 r - 2 scrolls of amnesia {unknown}
 v - a scroll of fog {unknown}
Potions
 x - a potion of flight
 A - a potion of brilliance


   Skills:
 + Level 7.1 Fighting
 + Level 2.7 Short Blades
 + Level 5.3 Long Blades
 + Level 2.7 Axes
 + Level 2.7 Maces & Flails
 + Level 2.7 Polearms
 + Level 2.7 Staves
 + Level 2.7 Slings
 + Level 2.7 Bows
 + Level 2.7 Crossbows
 + Level 2.7 Throwing
 + Level 5.3 Armour
 + Level 3.8 Dodging
 + Level 2.7 Stealth
 + Level 2.7 Shields
 + Level 2.7 Unarmed Combat
 + Level 2.7 Spellcasting
 + Level 2.2 Conjurations
 + Level 2.2 Hexes
 + Level 2.2 Summonings
 + Level 2.2 Necromancy
 + Level 2.2 Translocations
 + Level 2.2 Transmutations
 + Level 2.2 Fire Magic
 + Level 2.2 Ice Magic
 + Level 2.2 Air Magic
 + Level 2.2 Earth Magic
 + Level 2.2 Poison Magic
 + Level 5.5 Invocations
 + Level 2.7 Evocations


You had 11 spell levels left.
You didn't know any spells.
Your spell library was empty.

Dungeon Overview and Level Annotations

Branches:
Dungeon (6/15)
 Temple: D:4-7

Altars:
Elyvilon
Gozag
Hepliaklqana
Kikubaaqudgha
Okawaru
Ru
Trog
Yredelemnul


Innate Abilities, Weirdness & Mutations

Your experience applies equally to all skills.
You have very sharp teeth.
Your uncanny sense of smell can sniff out nearby items.


Message History

* * * LOW HITPOINT WARNING * * *
A gnoll comes into view. It is wielding a +0 club.
The gnoll shouts!
You hit the gnoll but do no damage. You bite the gnoll, but do no damage.
You recover from your berserk rage.
The gnoll hits you but does no damage.
You hit the gnoll but do no damage. The gnoll closely misses you.
You barely miss the gnoll. The gnoll hits you but does no damage.
Things that are here:
a +0 dagger; a +0 robe; an orc corpse You hit the gnoll.
A gnoll comes into view. It is wielding a +0 club.
The gnoll shouts!
You hit the gnoll. You bite the gnoll, but do no damage.
You closely miss the gnoll.
Your scale mail prevents you from hitting the gnoll.
The gnoll barely misses you.
You riposte.
You hit the gnoll. The gnoll closely misses you.
The gnoll hits you with a +0 club.
You die...

#.#####..##.##.
#># #....#..#
#.# ##.....#
#.# ####### #.#
####.###
#......##
##.####..#
#g@.#....#
#)#)..#..#
#.g###...#
∆#.###.#)#.#.#
#'.....'##...#
...#####.g.#..#
∆ #.#....#
#.##...# #.#
...#


You could see a gnoll.

Vanquished Creatures
  Pikel (D:4)
  A howler monkey (D:3)
  A hound (D:4)
  A jelly (D:5)
  2 orc wizards
  A worker ant (D:4)
  5 gnolls
  4 adders
  2 oozes
  An adder zombie (D:5)
  A leopard gecko (D:3)
  10 orcs
  A ball python (D:3)
  5 giant cockroaches
  2 gnoll zombies (D:2)
  A goblin (D:2)
  A hobgoblin (D:3)
  3 quokkas (D:4)
  A bat (D:3)
  2 rats (D:3)
46 creatures vanquished.

Notes
Turn   | Place    | Note
-------+----------+-------------------------------------------
     0 | Abyss:1  | iamserjio the Gnoll Abyssal Knight began the quest for the
                  | Orb.
     0 | Abyss:1  | Reached XP level 1. HP: 23/23 MP: 3/3
    10 | D:1      | Escaped the Abyss
    14 | D:2      | Found a basalt altar of Yredelemnul.
    44 | D:2      | Found a hazy altar of Hepliaklqana.
    51 | D:2      | Reached XP level 2. HP: 28/29 MP: 5/5
    86 | D:2      | You fall into a shaft and drop 1 floor!
   127 | D:3      | Reached XP level 3. HP: 29/35 MP: 6/6
   175 | D:3      | Found an opulent altar of Gozag.
   254 | D:3      | Found a bloodstained altar of Trog.
   398 | D:4      | Noticed a lemure
   398 | D:4      | Noticed a lemure
   399 | D:4      | Noticed Pikel
   399 | D:4      | Noticed a lemure
   399 | D:4      | Noticed a lemure
   413 | D:4      | Killed Pikel
   414 | D:4      | Reached skill level 5 in Long Blades
   414 | D:4      | Reached skill level 5 in Armour
   414 | D:4      | Reached skill level 1 in Conjurations
   414 | D:4      | Reached skill level 1 in Hexes
   414 | D:4      | Reached skill level 1 in Summonings
   414 | D:4      | Reached skill level 1 in Necromancy
   414 | D:4      | Reached skill level 1 in Translocations
   414 | D:4      | Reached skill level 1 in Transmutations
   414 | D:4      | Reached skill level 1 in Fire Magic
   414 | D:4      | Reached skill level 1 in Ice Magic
   414 | D:4      | Reached skill level 1 in Air Magic
   414 | D:4      | Reached skill level 1 in Earth Magic
   414 | D:4      | Reached skill level 1 in Poison Magic
   414 | D:4      | Reached skill level 5 in Invocations
   414 | D:4      | Reached XP level 4. HP: 14/41 MP: 7/7
   414 | D:4      | Reached XP level 5. HP: 16/47 MP: 8/8
   414 | D:4      | Reached XP level 6. HP: 18/53 MP: 9/9
   414 | D:4      | Reached XP level 7. HP: 21/59 MP: 10/10
   431 | D:4      | Found a sacrificial altar of Ru.
   490 | D:4      | Reached skill level 7 in Fighting
   510 | D:5      | Entered Level 5 of the Dungeon
   643 | D:3      | Reached ** piety under Lugonu
   837 | D:3      | Found an ancient bone altar of Kikubaaqudgha.
   842 | D:3      | Found an iron altar of Okawaru.
   991 | D:5      | Found a white marble altar of Elyvilon.
  1031 | D:5      | Found a white marble altar of Elyvilon.
  1378 | D:5      | HP: 4/90 [something (2)]
  1417 | D:5      | Slain by a gnoll

Illustrated notes

Levels and vault maps discovered:
D:1:      lightli_molten_gateway, layout_rooms, serial_bayou,
          serial_bayou_lagoon_b, serial_bayou_pond_c, serial_bayou_lagoon_a,
          serial_bayou_pond_b, serial_bayou_pond_b
D:2:      minmay_angry_zag, layout_loops_ring, lemuel_zombie_altar_yredelemnul,
          lemuel_altar_in_water
D:3:      layout_basic, pdpol_temple_overflow_zin_treasury_gozag_greed,
          lemuel_round_altar, minitemple
D:4:      layout_loops_ring, lemuel_round_altar, uniq_pikel
D:5:      layout_basic, elyvilon_altar_1, kennysheep_flooded_box,
          grunt_decor_one_mirror, serial_bayou_pond_c, skrybe_limestone_x,
          minmay_fractal_squares_diagonal_5, uniq_eustachio
D:6:      layout_basic, lemuel_crystal_altar, minmay_temple_entry_sparse_star,
          lightli_sewer_entry_pipes

Skill      XL: |  1  2  3  4  5  6  7 |
---------------+----------------------+-----
Short Blades   | 2 |  2.7
Long Blades    | 5 |  5.3
Axes           | 2 |  2.7
Maces & Flails | 2 |  2.7
Polearms       | 2 |  2.7
Staves         | 2 |  2.7
Slings         | 2 |  2.7
Bows           | 2 |  2.7
Crossbows      | 2 |  2.7
Throwing       | 2 |  2.7
Armour         | 5 |  5.3
Dodging        | 3 |  3.8
Stealth        | 2 |  2.7
Shields        | 2 |  2.7
Unarmed Combat | 2 |  2.7
Spellcasting   | 2 |  2.7
Conjurations   | 1 2 |  2.2
Hexes          | 1 2 |  2.2
Summonings     | 1 2 |  2.2
Necromancy     | 1 2 |  2.2
Translocations | 1 2 |  2.2
Transmutations | 1 2 |  2.2
Fire Magic     | 1 2 |  2.2
Ice Magic      | 1 2 |  2.2
Air Magic      | 1 2 |  2.2
Earth Magic    | 1 2 |  2.2
Poison Magic   | 1 2 |  2.2
Invocations    | 5 |  5.5
Evocations     | 2 |  2.7
Fighting       | 7 |  7.1

Action                   |  1- 3 |  4- 6 |  7- 9 || total
-------------------------+-------+-------+-------++-------
Melee: Falchion          |    70 |       |   159 ||   229
       Bite              |     5 |       |    16 ||    21
       Punch             |       |       |     2 ||     2
  Use: Potion            |     2 |       |     7 ||     9
       Scroll            |       |       |     1 ||     1
 Stab: Invisible         |     2 |       |     3 ||     5
       Sleeping          |       |       |     2 ||     2
Armor: Leather armour    |    10 |       |       ||    10
       Ring mail         |    11 |       |    31 ||    42
       Scale mail        |       |       |    24 ||    24
Dodge: Dodged            |    41 |       |    92 ||   133
       Rpst.: Falchion   |    13 |       |    33 ||    46

Table legend: (Time is in decaauts)
 A = Elapsed time spent in this place.
 B = Non-inter-level travel time spent in this place.
 C = Inter-level travel time spent in this place.
 D = Time resting spent in this place.
 E = Time spent auto-exploring this place.
 F = Levels seen in this place.
 G = Mean time per level.
                   A        B        C        D        E       F      G
               +--------+--------+--------+--------+--------+-----+--------+
         Total |   1438 |   1252 |    186 |      0 |      0 |   7 |  205.4 |
       Dungeon |   1428 |   1242 |    186 |      0 |      0 |   6 |  238.0 |
         Abyss |     10 |     10 |      0 |      0 |      0 |   1 |   10.0 |
               +--------+--------+--------+--------+--------+-----+--------+

Top non-repeatable levels by time:
     D:3: 596 daAuts
     D:4: 502 daAuts
     D:5: 250 daAuts
     D:2: 74 daAuts
 Abyss:1: 10 daAuts
     D:1: 3 daAuts
     D:6: 1 daAuts
